 Dungeon Crawl Stone Soup version 0.31.0-32-g396128a36d (webtiles) character file.

Game seed: 498134310847272320

1005 TacoSundae the Ruffian (level 8, 0/55 HPs)
             Began as a Vine Stalker Shapeshifter on Apr 10, 2024.
             Slain by Pikel
             ... wielding a +2 whip of freezing
              (5 damage)
             ... on level 6 of the Dungeon.
             The game lasted 00:07:59 (4051 turns).

TacoSundae the Ruffian (Vine Stalker Shapeshifter)  Turns: 4051, Time: 00:08:00

Health: 0/55       AC: 24    Str: 19    XL:     8   Next: 20%
Magic:  0/9        EV:  2    Int: 10    God:
Gold:   250        SH:  0    Dex: 14    Spells: 7/7 levels left

rFire   . .          .
                       - Unarmed
rCold   . . .        (no shield)
rNeg    . . .        f - melded +1 ring mail
rPois   +            (helmet currently unavailable)
rElec   .            (cloak currently unavailable)
rCorr   .            (gloves currently unavailable)
SInv    .            (boots currently unavailable)
Will    +....        i - amulet of magic regeneration
Stlth   +            j - ring of flight
HPRegen 1.09/turn    (no ring)
MPRegen 0.51/turn

%: guardian spirit
@: tree-form
A: stationary, stasis, torment immunity, boosted hp, (fangs 3), regeneration 1,
magic shield, (antimagic bite), no potion heal 2
a: no special abilities


You were on level 6 of the Dungeon.
You were a tree.
You visited 1 branch of the dungeon, and saw 6 of its levels.

You collected 250 gold pieces.

Inventory:

Missiles
 a - 3 atropa-tipped darts (quivered)
 w - 5 poisoned darts
Armour
 f - a +1 ring mail (melded)
Jewellery
 i - an amulet of magic regeneration (around neck)
 j - a ring of flight (left branch)
Talismans
 c - a beast talisman
 d - a flux talisman
 l - a serpent talisman
Wands
 v - a wand of flame (21)
Scrolls
 g - 7 scrolls of teleportation
 m - a scroll of fear
 p - a scroll of vulnerability
 q - a scroll of immolation {unknown}
 B - a scroll of enchant armour
Potions
 e - a potion of ambrosia
 h - 2 potions of mutation
 o - a potion of heal wounds {unknown}
 r - a potion of haste {unknown}
 t - a potion of curing {unknown}
 A - a potion of cancellation {unknown}


   Skills:
 - Level 0.8 Fighting
 - Level 1.5 Dodging
 + Level 7.2 Unarmed Combat
 + Level 6.6 Shapeshifting


You had 7 spell levels left.
You didn't know any spells.
Your spell library contained the following spells:

 Spells                   Type           Power      Damage    Failure   Level
 Inner Flame              Hex/Fire       0%         N/A       75%         3
 Irradiate                Conj/Alch      0%         3d11      100%        5
 Ignition                 Fire           0%         3d3       100%        8


Dungeon Overview and Level Annotations

Branches:
Dungeon (6/15)
 Temple: D:4-7

Altars:
Okawaru

Shops:
D:1 (

Annotations:
D:6 Pikel; Squishy's ghost, novice MiGl


Innate Abilities, Weirdness & Mutations

You are a tree.
Your roots penetrate the ground, keeping you stationary.
You cannot be teleported.
You are immune to unholy pain and torment.
Your maximum health is greatly increased.
Your equipment is partially melded.
((You have razor-sharp teeth.))
Your natural rate of healing is unusually fast.
When hurt, damage is shared between your health and your magic reserves.
((Your bite disrupts and absorbs the magic of your enemies.))
Potions cannot restore your health.


Message History

You barely miss Pikel. You punch Pikel, but do no damage.
Pikel is severely wounded.
Pikel hits you with a +2 whip of freezing!
Pikel freezes you.
You hit Pikel. Your bite misses Pikel.
Pikel is severely wounded.
The iguana closely misses you. The lemure barely misses you.
Pikel hits you with a +2 whip of freezing.
Pikel freezes you.
You hit Pikel.
Pikel is severely wounded.
The iguana misses you. The lemure barely misses you. Pikel barely misses you.
You hit Pikel.
Pikel is almost dead.
The iguana closely misses you. The lemure closely misses you.
Pikel barely misses you.
You hit Pikel. Your bite misses Pikel.
Pikel is almost dead.
The iguana bites you. The lemure barely misses you.
Pikel hits you with a +2 whip of freezing!
* * * LOW HITPOINT WARNING * * *
Pikel freezes you.
* * * LOW HITPOINT WARNING * * *
Your transformation has ended.
You turn into a tree.
Your +1 ring mail melds into your body.
Your roots penetrate the ground.
The iguana bites you.
* * * LOW HITPOINT WARNING * * *
The lemure hits you but does no damage.
Pikel hits you with a +2 whip of freezing.
* * * LOW HITPOINT WARNING * * *
Pikel freezes you.
* * * LOW HITPOINT WARNING * * *
Unknown command.
You hit Pikel.
Pikel is almost dead.
The iguana bites you but does no damage.
The lemure hits you but does no damage.
Pikel hits you with a +2 whip of freezing!
You die...
Pikel says, "See you in Hell!"

#......# (.. #..........
+......# .. #.......... ##
#####.###'# ###'####...
..####..##.##..####...####...
..........................#...
..........................+...
.........................#...
##..#...##..l..###########+##
#..#...##.5♣..####
.Y#.......#.K......#
.T#.......#........#
$W#.......'........#
)u#...#<.####......#
..#...#..####....### .
#...#..÷........# #..
#..(........# .. #...........#


You could see Pikel, a lemure and an iguana.

Vanquished Creatures
  A black bear (D:5)
  An ice beast (D:5)
  2 ogres
  3 lemures
  2 scorpions (D:5)
  2 howler monkeys (D:5)
  2 hounds
  4 jellies
  2 sleepcaps
  3 iguanas (D:5)
  Ijyb (D:5)
  5 adders
  3 dart slugs
  A ribbon worm (D:2)
  6 orcs (D:5)
  6 endoplasms
  4 giant cockroaches
  8 goblins
  9 hobgoblins
  2 jackals (D:4)
  6 quokkas
  5 ball pythons
  3 bats
  A frilled lizard (D:2)
  5 kobolds
  8 rats
95 creatures vanquished.

Notes
Turn   | Place    | Note
-------+----------+-------------------------------------------
     0 | D:1      | TacoSundae the Vine Stalker Shapeshifter began the quest
                  | for the Orb.
     0 | D:1      | Reached XP level 1. HP: 9/9 MP: 2/2
   273 | D:1      | Found Veimpo Xeal's Antique Weapon Emporium.
   289 | D:1      | Reached XP level 2. HP: 14/14 MP: 3/3
   887 | D:2      | Reached XP level 3. HP: 17/17 MP: 4/4
  1704 | D:3      | Identified the +3 hand axe "Cixi" {distort, rPois rCorr
                  | MP+9 Stlth+}
  1713 | D:3      | Reached skill level 4 in Unarmed Combat
  1713 | D:3      | Reached XP level 4. HP: 21/21 MP: 5/5
  1898 | D:3      | Found a faded altar of an unknown god.
  2268 | D:4      | Reached XP level 5. HP: 21/25 MP: 6/6
  2291 | D:4      | Noticed an ogre
  2301 | D:4      | Killed an ogre
  2302 | D:4      | Reached skill level 5 in Unarmed Combat
  2391 | D:4      | Reached XP level 6. HP: 29/29 MP: 7/7
  2480 | D:4      | Found an iron altar of Okawaru.
  2679 | D:4      | Reached skill level 5 in Shapeshifting
  3110 | D:5      | Entered Level 5 of the Dungeon
  3177 | D:5      | Reached XP level 7. HP: 32/32 MP: 8/8
  3192 | D:5      | Reached skill level 6 in Unarmed Combat
  3344 | D:5      | Noticed Ijyb
  3349 | D:5      | Killed Ijyb
  3840 | D:6      | Noticed a troll
  3846 | D:6      | Noticed Squishy's ghost (novice MiGl)
  3951 | D:5      | Reached skill level 7 in Unarmed Combat
  3951 | D:5      | Gained mutation: You have razor-sharp teeth. [Vine Stalker
                  | growth]
  3951 | D:5      | Reached XP level 8. HP: 27/37 MP: 5/9
  3959 | D:6      | Noticed a white ugly thing
  3971 | D:5      | HP: 2/55 [poisoned by a scorpion]
  3976 | D:5      | HP: 2/55 [poisoned by a scorpion]
  4037 | D:6      | Noticed Pikel
  4051 | D:6      | Slain by Pikel

Illustrated notes

Levels and vault maps discovered:
D:1:      reono_arrival_forest_river, layout_basic, serial_shops,
          nicolae_shop_advertising_works [nicolae_subvault_shop_adworks],
          grunt_decor_fettered, skrybe_limestone_x, minmay_pentomino_q2
D:2:      layout_basic
D:3:      layout_loops_ring, shapermc_ecumenical_altar_flowoftime
D:4:      layout_basic, okawaru_ov_weapons_minmay
D:5:      layout_cave_pools, uniq_ijyb
D:6:      layout_gridville, gammafunk_temple_overflow_forgotten,
          gammafunk_ghost_split, uniq_pikel

Skill      XL: |  1  2  3  4  5  6  7 |
---------------+----------------------+-----
Unarmed Combat | 4 5 7 |  7.2
Shapeshifting  | 4 5 6 |  6.6
Fighting       | |  0.8
Dodging        | |  1.5

Action                     |  1- 3 |  4- 6 |  7- 9 || total
---------------------------+-------+-------+-------++-------
  Melee: Unarmed           |    89 |    81 |    89 ||   259
         Punch             |     4 |     3 |     4 ||    11
         Bite              |    12 |    28 |    29 ||    69
  Throw: Dart              |       |     8 |       ||     8
    Use: Potion            |       |     1 |     3 ||     4
         Scroll            |       |       |    15 ||    15
   Stab: Sleeping          |     1 |       |       ||     1
 Armour: Ring mail         |    33 |    18 |    57 ||   108
         Animal skin       |     4 |       |       ||     4
         Skin              |       |     3 |     6 ||     9
  Dodge: Dodged            |    39 |    29 |    48 ||   116
